 Dungeon Crawl Stone Soup version 0.27-a0-860-gaf99fae3ca (webtiles) character file.

Game seed: 1167559301642809280

20839 spiderkeys the Fighter (level 13, 0/112 HPs)
             Began as a Formicid Fighter on Apr 2, 2021.
             Was a High Priest of Okawaru.
             Slain by a ten-headed hydra (9 damage)
             ... on level 13 of the Dungeon.
             The game lasted 00:17:30 (15945 turns).

spiderkeys the Fighter (Formicid Fighter)          Turns: 15945, Time: 00:17:31

Health: 0/112      AC: 21    Str: 24    XL:     13   Next: 15%
Magic:  13/13      EV: 12    Int: 10    God:    Okawaru [*****.]
Gold:   408        SH: 17    Dex: 10    Spells: 12/12 levels left

rFire    + . .     SeeInvis +   p - +4 battleaxe (elec)
rCold    . . .     Faith    .   c - +0 kite shield
rNeg     . . .     Spirit   .   j - +3 chain mail {rF+}
rPois    .         Reflect  +   (helmet unavailable)
rElec    .         Harm     .   g - +0 cloak
rCorr    .         Rampage  .   A - +1 pair of gloves {archery}
Will     ++...                  v - +1 pair of boots {Fly}
Stlth    ..........             u - amulet of reflection
HPRegen  0.28/turn              k - +4 ring of evasion
MPRegen  0.13/turn              o - ring of willpower

@: flying
A: permanent stasis, dig shafts and tunnels, antennae 3, four strong arms
a: Dig, Shaft Self, Renounce Religion, Heroism, Finesse


You were on level 13 of the Dungeon.
You worshipped Okawaru.
Okawaru was extremely pleased with you.
You visited 2 branches of the dungeon, and saw 14 of its levels.

You collected 682 gold pieces.
You spent 274 gold pieces at shops.

Inventory:

Hand Weapons
 p - a +4 battleaxe of electrocution (weapon)
 x - a +0 hand crossbow of flaming
Missiles
 l - 6 throwing nets
 y - 85 bolts
Armour
 c - a +0 kite shield (worn)
 g - a +0 cloak (worn)
 j - a +3 chain mail of fire resistance (worn)
 v - a +1 pair of boots of flying (worn)
 A - a +1 pair of gloves of archery (worn)
Jewellery
 k - a +4 ring of evasion (left hand)
 o - a ring of willpower (right hand)
 u - an amulet of reflection (around neck)
Wands
 b - a wand of flame (18)
 q - a wand of polymorph (8)
 s - a wand of digging (4)
 B - a wand of iceblast (20)
 F - a wand of mindburst (18)
Scrolls
 e - 2 scrolls of holy word
 n - a scroll of magic mapping
 w - a scroll of fear
Potions
 a - a potion of flight {unknown}
 d - 4 potions of might
 h - 4 potions of attraction
 i - 3 potions of heal wounds
 m - 3 potions of invisibility
 r - 2 potions of brilliance {unknown}
 t - 4 potions of curing
 z - a potion of ambrosia {unknown}
 D - 2 potions of lignification
 E - 2 potions of resistance {unknown}


   Skills:
 + Level 13.9 Fighting
 * Level 13.1 Axes
 + Level 10.8 Armour
 + Level 11.6 Shields


You had 12 spell levels left.
You didn't know any spells.
Your spell library contained the following spells:

 Spells                   Type           Power      Damage    Failure   Level
 Animate Skeleton         Necr           0%         N/A       89%         1
 Apportation              Tloc           0%         N/A       89%         1
 Beastly Appendage        Tmut           0%         N/A       89%         1
 Corona                   Hex            0%         N/A       89%         1
 Foxfire                  Conj/Fire      0%         2x1d4     89%         1
 Freeze                   Ice            0%         1d3       89%         1
 Summon Small Mammal      Summ           0%         N/A       89%         1
 Slow                     Hex            0%         N/A       96%         2
 Conjure Flame            Conj/Fire      0%         6-21      99%         3
 Frozen Ramparts          Ice            0%         1d2       99%         3
 Inner Flame              Hex/Fire       0%         N/A       99%         3
 Ozocubu's Armour         Ice            0%         N/A       99%         3
 Portal Projectile        Hex/Tloc       0%         N/A       99%         3
 Cause Fear               Hex            0%         N/A       100%        4
 Hailstorm                Conj/Ice       0%         3d3       100%        4
 Leda's Liquefaction      Hex/Erth       0%         N/A       100%        4
 Sticky Flame             Conj/Fire      0%         2d3       100%        4
 Summon Ice Beast         Ice/Summ       0%         N/A       100%        4
 Fireball                 Conj/Fire      0%         3d3       100%        5


Dungeon Overview and Level Annotations

Branches:
Dungeon (13/15)            Temple (1/1) D:4            Lair (0/6) D:9
    Orc (0/2) D:11
 Vaults: D:13-14

Altars:
Ashenzari
Cheibriados
Dithmenos
Elyvilon
Gozag
Hepliaklqana
Kikubaaqudgha
Makhleb
Nemelex Xobeh
Okawaru
Qazlal
Ru
Sif Muna
Trog
Uskayaw
Wu Jian
Xom
Zin
The Shining One

Shops:
D:2 :   D:4 [(((   D:8 *   D:9 *


Innate Abilities, Weirdness & Mutations

You cannot be hasted, slowed, berserked, paralysed or teleported.
You can dig through walls and to a lower floor.
You have a pair of large antennae on your head. (SInv)
Your four strong arms can wield two-handed weapons with a shield.


Message History

The ten-headed hydra misses you.
You block the ten-headed hydra's attack.
The ten-headed hydra closely misses you.
The ten-headed hydra bites you but does no damage.
The ten-headed hydra bites you. The ten-headed hydra bites you! x2
* * * LOW HITPOINT WARNING * * *
You block the ten-headed hydra's attack.
The ten-headed hydra bites you but does no damage. x2
You block the ten-headed hydra's attack.
The ten-headed hydra closely misses you.
You block the ten-headed hydra's attack. x2
The ten-headed hydra closely misses you.
The ten-headed hydra barely misses you.
The ten-headed hydra bites you but does no damage.
The ten-headed hydra bites you.
* * * LOW HITPOINT WARNING * * *
The ten-headed hydra bites you but does no damage. x2
Are you sure you want to shaft yourself?
You block the ten-headed hydra's attack.
The ten-headed hydra bites you!
* * * LOW HITPOINT WARNING * * *
You block the ten-headed hydra's attack.
The ten-headed hydra bites you but does no damage. x2
The ten-headed hydra bites you.
* * * LOW HITPOINT WARNING * * *
The ten-headed hydra bites you but does no damage. x3
The ten-headed hydra misses you.
You begin to dig a shaft.
You continue digging a shaft.
The ten-headed hydra bites you.
* * * LOW HITPOINT WARNING * * *
The ten-headed hydra bites you.
* * * LOW HITPOINT WARNING * * *
The ten-headed hydra bites you but does no damage.
The ten-headed hydra closely misses you.
You block the ten-headed hydra's attack.
The ten-headed hydra misses you.
You block the ten-headed hydra's attack. x2
The ten-headed hydra closely misses you.
The ten-headed hydra bites you!
You die...

#...#. ..#....
#.....###...#
.....#.<....#
##.....#...##
#..#..#..#..#
#.###...###.#
#..#..#..#..#
###...###..[##
#.......@...#
#.......D.###
#..≈≈≈....#
#..≈.)....#
#.........#
#.........#
#.........#
#.........#
#.........#


You could see a ten-headed hydra.

Vanquished Creatures
  2 boulder beetles
  A hydra (D:12)
  Erica (D:11)
  8 two-headed ogres
  Sonja (D:11)
  The ghost of indyram44 the Cudgeller, a novice DsBe of Trog (D:7)
  A manticore (D:12)
  Joseph (D:8)
  2 trolls
  22 yaks
  2 wraiths
  2 wyverns
  Sigmund (D:5)
  2 shadows
  4 fire bats (D:10)
  2 vampires
  3 steam dragons
  2 vampire mosquitoes (D:12)
  Menkaure (D:5)
  Edmund (D:4)
  An acid dragon (D:11)
  A water moccasin (D:8)
  A hell hound (D:10)
  3 black bears
  6 ice beasts
  A hornet zombie (D:7)
  2 orc warriors
  A sky beast (D:6)
  A necrophage (D:8)
  2 ogres
  6 centaurs
  2 kobold brigands
  4 gnoll sergeants
  4 scorpions
  4 bullfrogs
  3 wyvern skeletons
  8 killer bees
  13 wights
  3 howler monkeys (D:12)
  2 lava snakes (D:10)
  2 centaur zombies
  A wyvern simulacrum (D:7)
  4 hounds
  A jelly (D:6)
  A centaur skeleton (D:7)
  4 bullfrog skeletons
  A gnoll shaman (D:9)
  3 iguanas
  An orc wizard (D:3)
  A centaur simulacrum (D:7)
  2 killer bee simulacra (D:7)
  A howler monkey zombie (D:8)
  18 gnolls
  6 adders
  2 white imps
  An adder zombie (D:5)
  A worm (D:4)
  A dart slug (D:1)
  22 orcs
  6 endoplasms
  2 giant cockroaches
  3 hobgoblins
  6 jackals
  2 ball pythons
  3 bats
  3 frilled lizards
  5 goblins
  11 kobolds
  A quokka skeleton (D:4)
  7 rats
  A fire vortex (D:10)
251 creatures vanquished.

Vanquished Creatures (others)
  2 fire vortices (D:10)
2 creatures vanquished.

Grand Total: 253 creatures vanquished

Notes
Turn   | Place    | Note
-------+----------+-------------------------------------------
     0 | D:1      | spiderkeys the Formicid Fighter began the quest for the
                  | Orb.
     0 | D:1      | Reached XP level 1. HP: 18/18 MP: 1/1
   115 | D:1      | Reached XP level 2. HP: 22/24 MP: 2/2
   507 | D:1      | Reached XP level 3. HP: 28/29 MP: 3/3
  1658 | D:2      | Found Opyl's Book Shop.
  1700 | D:2      | Reached XP level 4. HP: 33/37 MP: 4/4
  1860 | D:3      | Identified a scroll of acquirement
  1860 | D:3      | Acquired a manual of Fighting
  2667 | D:4      | Found Hoggar's Weapon Emporium.
  2711 | D:4      | Reached XP level 5. HP: 25/42 MP: 5/5
  2951 | D:4      | Found Reoff's Antique Weapon Emporium.
  3008 | D:4      | Found Ciheyd's Armour Shoppe.
  3053 | D:4      | Noticed an ice beast
  3066 | D:4      | Killed an ice beast
  3067 | D:4      | Reached skill level 5 in Fighting
  3067 | D:4      | Reached XP level 6. HP: 26/51 MP: 6/6
  3357 | D:4      | Noticed Edmund
  3632 | D:4      | Found Reusa's Antique Weapon Shoppe.
  4104 | D:4      | Found a staircase to the Ecumenical Temple.
  4369 | Temple   | Entered the Ecumenical Temple
  4386 | Temple   | Became a worshipper of Warmaster Okawaru
  4450 | D:5      | Entered Level 5 of the Dungeon
  4534 | D:5      | Reached skill level 5 in Shields
  4534 | D:5      | Reached XP level 7. HP: 34/51 MP: 7/7
  4841 | D:5      | Reached skill level 5 in Axes
  4999 | D:5      | Reached * piety under Okawaru
  5000 | D:5      | Reached skill level 5 in Armour
  5225 | D:5      | Reached XP level 8. HP: 63/64 MP: 8/8
  5617 | D:5      | Noticed Menkaure
  5728 | D:5      | Killed Menkaure
  5833 | D:5      | Noticed Sigmund
  5848 | D:5      | Killed Sigmund
  5859 | D:5      | Reached ** piety under Okawaru
  6250 | D:4      | Killed Edmund
  6251 | D:4      | Reached XP level 9. HP: 49/71 MP: 9/9
  7066 | D:6      | Reached *** piety under Okawaru
  7232 | D:6      | Found a sacrificial altar of Ru.
  7850 | D:4      | Bought a +1 battleaxe of electrocution for 232 gold pieces
  8013 | D:7      | Reached XP level 10. HP: 66/83 MP: 10/10
  8090 | D:7      | Found a broken altar of Ashenzari.
  8110 | D:7      | Reached **** piety under Okawaru
  8224 | D:7      | Reached skill level 10 in Fighting
  8524 | D:7      | Received a gift from Okawaru
  8524 | D:7      | Reached ***** piety under Okawaru
  8699 | D:7      | Found a white marble altar of Elyvilon.
  8700 | D:7      | Found a glowing silver altar of Zin.
  8701 | D:7      | Found a glowing golden altar of the Shining One.
  8833 | D:7      | Found a runed translucent gate.
  8834 | D:7      | Found a runed translucent gate.
  8835 | D:7      | Found a runed translucent gate.
  8979 | D:7      | Found an ancient bone altar of Kikubaaqudgha.
  8980 | D:7      | Found a shadowy altar of Dithmenos.
  9037 | D:7      | Noticed indyram44's ghost (novice DsBe)
  9139 | D:7      | Killed indyram44's ghost
  9382 | D:8      | Reached skill level 10 in Axes
  9467 | D:8      | Found a hazy altar of Hepliaklqana.
  9469 | D:8      | Found a shimmering altar of Xom.
  9470 | D:8      | Noticed a spectral ugly thing
  9489 | D:8      | Found Houfuxof's Assorted Antiques.
  9496 | D:8      | Reached XP level 11. HP: 89/93 MP: 11/11
  9524 | D:8      | Noticed Joseph
  9537 | D:8      | Killed Joseph
  9704 | D:8      | Received a gift from Okawaru
 10052 | D:9      | Noticed a two-headed ogre
 10081 | D:9      | Killed a two-headed ogre
 10145 | D:9      | Noticed a two-headed ogre
 10151 | D:9      | Killed a two-headed ogre
 10312 | D:9      | Found a staircase to the Lair.
 10372 | D:9      | Reached skill level 10 in Shields
 10529 | D:9      | Found Depneo Tymid's General Store.
 10537 | D:9      | Bought a potion of curing for 42 gold pieces
 10574 | D:9      | Found a shimmering blue altar of Sif Muna.
 10649 | D:9      | Found an opulent altar of Gozag.
 10649 | D:9      | Found a sparkling altar of Nemelex Xobeh.
 11072 | D:9      | Noticed a two-headed ogre
 11077 | D:9      | Killed a two-headed ogre
 11077 | D:9      | Reached ****** piety under Okawaru
 11432 | D:10     | Entered Level 10 of the Dungeon
 11698 | D:9      | Got Sif Muna's Handbook of Transmigration
 12061 | D:10     | Received a gift from Okawaru
 12066 | D:10     | Noticed a two-headed ogre
 12078 | D:10     | Killed a two-headed ogre
 12079 | D:10     | Reached XP level 12. HP: 66/103 MP: 12/12
 12427 | D:10     | Received a gift from Okawaru
 12959 | D:11     | Noticed Erica
 12959 | D:11     | Noticed a boulder beetle
 12968 | D:11     | Killed Erica
 13313 | D:11     | Killed a boulder beetle
 13314 | D:11     | Reached skill level 10 in Armour
 13639 | D:11     | Noticed Sonja
 13650 | D:11     | Killed Sonja
 13725 | D:11     | Noticed a two-headed ogre
 13735 | D:11     | Killed a two-headed ogre
 14124 | D:11     | Found a staircase to the Orcish Mines.
 14756 | D:12     | Noticed a two-headed ogre
 14759 | D:12     | Noticed a two-headed ogre
 14763 | D:12     | Killed a two-headed ogre
 14790 | D:11     | Killed a two-headed ogre
 15364 | D:12     | Noticed a boulder beetle
 15377 | D:12     | Killed a boulder beetle
 15488 | D:12     | Reached XP level 13. HP: 104/112 MP: 13/13
 15662 | D:12     | Noticed a seven-headed hydra
 15670 | D:12     | Killed an 11-headed hydra
 15931 | D:13     | Noticed a six-headed hydra
 15945 | D:13     | Slain by a ten-headed hydra

Illustrated notes

Levels and vault maps discovered:
D:1:      onia_arrival_handbag, layout_rooms
D:2:      layout_basic, serial_shops, shop
D:3:      layout_basic
D:4:      layout_loops_corners, minmay_temple_entry_poolview, serial_shops,
          shop_statue, shop, shop_fountains, shop, uniq_edmund
D:5:      minmay_skewed_foursquare, layout_loops_ring,
          minmay_fractal_squares_gapless_5, uniq_sigmund, uniq_menkaure
D:6:      layout_cave_pods, nicolae_ru_sacrificial_ziggurat
D:7:      layout_loops_cross, good_gods_temple_1,
          gammafunk_temple_overflow_pools, nicolae_ashenzari_panopticon,
          gammafunk_ghost_icy
D:8:      layout_rooms, regret_index_temple_of_mockery, serial_shops, shop,
          uniq_joseph
D:9:      layout_layer_cave, grunt_temple_overflow_opulence,
          nicolae_sif_muna_little_library, dpeg_oklobed_lair, serial_shops,
          shop, grunt_ministairs_8, kennysheep_generic_room_10
D:10:     layout_basic, minmay_misc_feat_alley, hangedman_incinerator
D:11:     layout_grid_maze, david_orc_2, uniq_erica, uniq_sonja
D:12:     layout_big_octagon
D:13:     layout_basic, serial_shops, kennysheep_little_box, shop, shop,
          minmay_strange_pillars, minmay_strange_pillars
Temple:   eino_wide_crystal_templ

Skill      XL: |  1  2  3  4  5  6  7  8  9 10 11 12 13 |
---------------+----------------------------------------+-----
Shields        | 4 5 6 7 9 10 11 | 11.6
Axes           | 3 4 5 6 8 10 11 12 13 | 13.1
Fighting       | 4 5 6 7 9 11 12 13 | 13.9
Armour         | 4 5 6 7 8 9 10 | 10.8

Action                   |  1- 3 |  4- 6 |  7- 9 | 10-12 | 13-15 || total
-------------------------+-------+-------+-------+-------+-------++-------
Melee: War axe           |    95 |   113 |   263 |       |       ||   471
       Battleaxe         |       |       |     3 |   374 |    24 ||   401
 Abil: Dig               |       |       |     2 |     4 |       ||     6
       Shaft Self        |       |       |       |       |     1 ||     1
  Use: Scroll            |       |    10 |     3 |     7 |     1 ||    21
       Potion            |       |       |     1 |       |       ||     1
Armor: Scale mail        |    45 |     7 |       |       |       ||    52
       Chain mail        |       |    35 |    98 |   137 |    46 ||   316
Dodge: Dodged            |    33 |    55 |   107 |   158 |    40 ||   393
Block: Kite shield       |    58 |    70 |   166 |   300 |    58 ||   652
       Reflection        |       |       |       |     2 |     3 ||     5

Table legend: (Time is in decaauts)
 A = Elapsed time spent in this place.
 B = Non-inter-level travel time spent in this place.
 C = Inter-level travel time spent in this place.
 D = Time resting spent in this place.
 E = Time spent auto-exploring this place.
 F = Levels seen in this place.
 G = Mean time per level.
                   A        B        C        D        E       F      G
               +--------+--------+--------+--------+--------+-----+--------+
         Total |  16183 |  14948 |   1235 |   1046 |  11766 |  14 | 1155.9 |
       Dungeon |  16144 |  14929 |   1215 |   1046 |  11755 |  13 | 1241.8 |
        Temple |     38 |     18 |     20 |      0 |     11 |   1 |   38.0 |
               +--------+--------+--------+--------+--------+-----+--------+

Top non-repeatable levels by time:
     D:5: 1959 daAuts
    D:11: 1899 daAuts
     D:4: 1845 daAuts
    D:10: 1532 daAuts
     D:9: 1515 daAuts
     D:6: 1471 daAuts
     D:7: 1425 daAuts
     D:2: 1165 daAuts
     D:3: 1072 daAuts
     D:8: 766 daAuts
    D:12: 766 daAuts
     D:1: 702 daAuts
  Temple: 38 daAuts
    D:13: 20 daAuts
